 Dungeon Crawl Stone Soup version 0.12.2-14-g7c90c79 (webtiles) character file.

632 MarVin the Chopper (level 6, -6/48 HPs)
             Began as a Demonspawn Fighter on Aug 5, 2013.
             Mangled by MarVin's ghost (13 damage)
             ... in a sewer.
             The game lasted 00:11:49 (3573 turns).

MarVin the Chopper (Demonspawn Fighter)             Turns: 3573, Time: 00:11:49

HP  -6/48        AC  8     Str 18      XL: 6   Next: 56%
MP   5/5         EV  5     Int  9      God:
Gold 226         SH 18     Dex 13      Spells:  0 memorised,  5 levels left

Res.Fire  : + . .   See Invis. : .   t - +0,+1 dwarf war axe
Res.Cold  : x . .   Warding    : .   b - +0 scale mail
Life Prot.: . . .   Conserve   : .   c - +0 shield
Res.Poison: .       Res.Corr.  : .   x - +2 wizard hat
Res.Elec. : .       Clarity    : .   (no cloak)
Sust.Abil.: . .     Spirit.Shd : .   (no gloves)
Res.Mut.  : .       Stasis     : .   (no boots)
Res.Rott. : .       Ctrl.Telep.: .   (no amulet)
Saprovore : . . .   Flight     : .   (no ring)
                                     m - ring of fire

@: nauseated, slightly resistant to hostile enchantments, extremely unstealthy
A: antennae 2, powered by death 1
a: no special abilities


You were in a sewer.
You were not hungry.

You visited 1 branch of the dungeon, and saw 4 of its levels.
You also visited: Sewer.

You collected 206 gold pieces.

Inventory:

Hand weapons
 a - a +0,+0 hand axe {=f}
 n - a +0,+4 sling of frost
 t - a +0,+1 dwarven war axe (weapon)
Missiles
 l - 2 poisoned javelins (quivered)
 w - 16 stones
Armour
 b - a +0 scale mail (worn)
 c - a +0 shield (worn)
 x - a +2 wizard hat (worn)
Magical devices
 y - a wand of fire (7) {unknown}
Comestibles
 d - 5 bread rations
 i - 2 meat rations
 p - a choko
 u - a banana
Scrolls
 e - a scroll of magic mapping {unknown}
 f - 2 scrolls of fear {unknown}
 g - 2 scrolls of fog {unknown}
 h - a scroll of noise {unknown}
 j - a scroll of enchant armour {unknown}
 k - 2 scrolls of teleportation {unknown}
 s - 4 scrolls of identify {unknown}
 v - a scroll of enchant weapon II {unknown}
Jewellery
 m - a ring of fire (left hand)
 q - an uncursed ring of sustain abilities {unknown}
Potions
 o - a potion of poison {unknown}
 r - a potion of agility {unknown}
 A - 2 potions of curing {unknown}
 C - a potion of restore abilities {unknown}


   Skills:
 - Level 3.1 Fighting
 + Level 6.1 Axes
 - Level 3.0 Armour
 - Level 3.0 Shields


You had 5 spell levels left.
You didn't know any spells.

Dungeon Overview and Level Annotations

Branches:
Dungeon (4/27)
 Temple: D:4-7

Altars:
Okawaru

Shops:
D:4: (

Annotations
D:4 Grinder Sewer MarVin's ghost, average DsFi


Innate Abilities, Weirdness & Mutations

You have a pair of antennae on your head.
You can steal the life force of nearby defeated enemies.


Message History

MarVin's ghost is lightly damaged.
MarVin's ghost hits you. You block MarVin's ghost's attack.
You hit MarVin's ghost but do no damage.
MarVin's ghost is lightly damaged.
You block MarVin's ghost's attack.
You hit MarVin's ghost but do no damage.
MarVin's ghost is lightly damaged.
You feel less regenerative.
You feel sick.
You feel better.
MarVin's ghost wails.
MarVin's ghost hits you!
You hit MarVin's ghost but do no damage.
MarVin's ghost is lightly damaged.
MarVin's ghost hits you!
* * * LOW HITPOINT WARNING * * *
You completely miss MarVin's ghost.
MarVin's ghost is lightly damaged.
MarVin's ghost hits you!
You die...

≈≈≈≈≈≈≈.....#
≈≈≈≈≈≈.....##
≈≈≈≈≈≈≈...##
≈≈≈≈≈≈....#
≈≈≈≈≈≈≈...##
≈≈≈≈≈≈≈....#
≈≈≈≈≈≈≈.....#
≈≈≈≈≈≈≈≈p..##
≈≈≈≈≈≈≈≈@..#
#≈#≈####(###
≈ #..)..#
#..)..#
##...## .....
#!.#.?# ###
### ≈≈≈ ≈≈≈


You could see MarVin's ghost.

Vanquished Creatures
  A sky beast (D:3)
  A phantom (D:4)
  A big kobold (Sewer)
  A gnoll (D:1)
  2 green rats (Sewer)
  2 giant mites
  2 adders
  A worm (D:3)
  6 grey rats (Sewer)
  3 giant geckos
  2 giant cockroaches (D:4)
  12 goblins
  10 hobgoblins
  3 jackals (D:2)
  3 quokkas
  6 bats
  4 giant newts
  15 kobolds
  12 rats
87 creatures vanquished.

Notes
Turn   | Place    | Note
--------------------------------------------------------------
     0 | D:1      | MarVin, the Demonspawn Fighter, began the quest for the Orb.
     0 | D:1      | Reached XP level 1. HP: 18/18 MP: 0/0
   258 | D:1      | Gained mutation: You can steal the life force of nearby defeated enemies. [demonic ancestry]
   258 | D:1      | Gained mutation: You have a pair of small antennae on your head. [demonic ancestry]
   258 | D:1      | Reached XP level 2. HP: 24/24 MP: 1/1
   836 | D:1      | Reached XP level 3. HP: 28/30 MP: 2/2
  2068 | D:3      | Reached XP level 4. HP: 28/36 MP: 3/3
  2082 | D:3      | Noticed a sky beast
  2290 | D:3      | Killed a sky beast
  2290 | D:3      | Reached skill level 4 in Axes
  2290 | D:3      | Reached XP level 5. HP: 41/41 MP: 4/4
  2835 | D:4      | Found Gicesaah's Weapon Shop.
  2861 | D:4      | Found an iron altar of Okawaru.
  2889 | D:4      | Noticed Grinder
  2890 | D:4      | Paralysed by Grinder for 5 turns
  2900 | D:4      | Paralysed by Grinder for 3 turns
  2902 | D:4      | HP: 2/41 [Grinder/wand of frost (7)]
  3179 | D:4      | Noticed a phantom
  3207 | D:4      | Killed a phantom
  3207 | D:4      | Reached skill level 5 in Axes
  3207 | D:4      | Gained mutation: You have a pair of antennae on your head. [demonic ancestry]
  3207 | D:4      | Reached XP level 6. HP: 30/48 MP: 5/5
  3388 | D:4      | Found a glowing drain.
  3392 | Sewer    | Entered a sewer
  3447 | Sewer    | Reached skill level 6 in Axes
  3526 | Sewer    | Noticed MarVin's ghost (average DsFi)
  3573 | Sewer    | Mangled by MarVin's ghost

Action                   |  1- 3 |  4- 6 || total
-------------------------+-------+-------++-------
Melee: Hand axe          |   118 |       ||   118
       War axe           |    60 |   122 ||   182
Throw: Javelin           |       |     7 ||     7
